 Dungeon Crawl Stone Soup version 0.30.1-4-g462c640d31 (webtiles) character file.

Game seed: 3263408114971326004

2331 Amplified the Conjurer (level 9, -8/71 HPs)
             Began as a Demonspawn Reaver on Sept 7, 2023.
             Mangled by Maggie
             ... wielding a +0 scimitar of flaming
              (16 damage)
             ... on level 7 of the Dungeon.
             The game lasted 00:16:05 (7230 turns).

Amplified the Conjurer (Demonspawn Reaver)          Turns: 7230, Time: 00:16:06

Health: -8/71      AC:  8    Str: 16    XL:     9   Next: 19%
Magic:  16/17      EV: 11    Int: 16    God:
Gold:   138        SH:  0    Dex: 17    Spells: 14/19 levels left

rFire   . . .        a - +0 mace
rCold   . . .        (no shield)
rNeg    . . .        g - +0 ring mail
rPois   .            (helmet restricted)
rElec   .            (no cloak)
rCorr   .            n - +2 pair of gloves
SInv    +            (no boots)
Will    .....        p - amulet of regeneration Stlth
                     t - ring of wizardry
HPRegen 1.11/turn    j - +6 ring of dexterity
MPRegen 0.15/turn

%: wizardry (x1)
@: silenced
A: horns 1, powered by death 2, demonic magic 2, see invisible, wild magic 1
a: no special abilities


You were on level 7 of the Dungeon.
You visited 2 branches of the dungeon, and saw 8 of its levels.
You also visited: Sewer.

You collected 366 gold pieces.
You spent 228 gold pieces at shops.

Inventory:

Hand Weapons
 a - a +0 mace (weapon)
Missiles
 o - 7 poisoned darts
 w - a silver boomerang
Armour
 b - a +0 leather armour
 g - a +0 ring mail (worn)
 n - a +2 pair of gloves (worn)
Magical Staves
 r - the staff of earth "Ytoaf" {Will- Str+5 Dex+3}
   (You found it on level 4 of the Dungeon)

   [staff of earth]

   Base accuracy: +5 Base damage: 5 Base attack delay: 1.2 This weapon's minimum
   attack delay (0.6) is reached at skill level 12.
   Str:       It affects your strength (+5).
   Dex:       It affects your dexterity (+3).
   Will:      It decreases your willpower.
   It falls into the 'Staves' category.
   It is a one-handed weapon.
Jewellery
 j - a +6 ring of dexterity (right hand)
 p - an amulet of regeneration (around neck)
 t - a ring of wizardry (left hand)
 u - a ring of positive energy
Wands
 m - a wand of charming (10)
Scrolls
 d - a scroll of amnesia
 e - 4 scrolls of teleportation
 f - a scroll of fear
 i - 3 scrolls of silence
 l - 4 scrolls of vulnerability
 q - a scroll of blinking
 s - a scroll of magic mapping
 x - a scroll of identify
Potions
 h - a potion of attraction
 k - a potion of brilliance
 v - a potion of mutation
 z - a potion of degeneration


   Skills:
 * Level 6.4 Fighting
 * Level 6.2 Maces & Flails
 - Level 1.7 Dodging
 * Level 5.9 Spellcasting
 * Level 6.9 Conjurations


You had 14 spell levels left.
You knew the following spells:

 Your Spells              Type           Power      Damage    Failure   Level
a - Kiss of Death         Conj/Necr      80%        2d11      4%          1
b - Momentum Strike       Conj/Tloc      40%        3d9       6%          2
c - Lesser Beckoning      Tloc           12%        N/A       21%         2

Your spell library contained the following spells:

 Spells                   Type           Power      Damage    Failure   Level
 Shock                    Conj/Air       80%        1d8       4%          1
 Hailstorm                Conj/Ice       20%        3d6       11%         3
 Sting                    Tmut/Pois      24%        1d4       14%         1
 Poisonous Vapours        Pois/Air       12%        N/A       21%         2
 Gell's Gravitas          Tloc           6%         N/A       38%         3
 Summon Guardian Golem    Hex/Summ       6%         N/A       38%         3
 Swiftness                Air            6%         N/A       38%         3
 Teleport Other           Tloc           6%         N/A       38%         3
 Airstrike                Air            3%         2d(1-17)  75%         4
 Ice Form                 Ice/Tmut       6%         N/A       75%         4
 Olgreb's Toxic Radiance  Pois           6%         N/A       75%         4
 Orb of Destruction       Conj           17%        9d7       99%         7
 Simulacrum               Ice/Necr       3%         N/A       100%        6
 Spellforged Servitor     Conj/Summ      10%        N/A       100%        7


Dungeon Overview and Level Annotations

Branches:
Dungeon (7/15)             Temple (1/1) D:4           Sewer (visited)

Altars:
Cheibriados
Dithmenos
Hepliaklqana
Kikubaaqudgha
Makhleb
Ru
Sif Muna
Trog

Shops:
D:1 ?   D:3 *   D:4 ?   D:5 *   D:7 !

Annotations:
D:7 Maggie


Innate Abilities, Weirdness & Mutations

You have a pair of small horns on your head.
You regenerate health from kills.
Spells you cast may paralyse nearby enemies.
You have supernaturally acute eyesight. (SInv)
Your spells are a little harder to cast, but a little more powerful.


Message History

Maggie burns you.
Unknown command.
You hit Maggie but do no damage.
Maggie is severely wounded.
Maggie hits you with a +0 scimitar of flaming!
Maggie burns you!
* * * LOW HITPOINT WARNING * * *
Maggie closely misses you.
Unknown command.
You closely miss Maggie. You headbutt Maggie.
Maggie is severely wounded.
Maggie hits you but does no damage.
Unknown command.
Magic scrolls do not work when you're silenced!
Unknown command.
Okay, then.
Sorry, you're not good enough to have a special ability.
Unknown command.
You cannot cast spells when silenced!
Magic scrolls do not work when you're silenced!
Unknown command.
You barely miss Maggie. Your headbutt misses Maggie.
Maggie is severely wounded.
Maggie barely misses you.
Unknown command.
You hit Maggie but do no damage.
Maggie is severely wounded.
Maggie hits you with a +0 scimitar of flaming!
* * * LOW HITPOINT WARNING * * *
Maggie burns you.
* * * LOW HITPOINT WARNING * * *
Unknown command.
You hit Maggie. You headbutt Maggie.
Maggie is almost dead.
Maggie closely misses you.
Unknown command.
You closely miss Maggie.
Maggie is almost dead.
Maggie hits you with a +0 scimitar of flaming!
You die...

....... ....##.##.... .##.#+#
....#........ .# #.........## ...
#.......... .#.. #........#
...@.. #........# ## ...
#........######## .##
###...............#
#...@..##.........#
.....##@..##.........# # ...#
#...##.........# ######.>.
#...##.........#
............∩......##.........#
.<..................#.........#
.......)............#.........#
######..............#.........#.#
.......#.....##....#####.#


You could see Maggie.

Vanquished Creatures
  2 water moccasins
  3 black bears
  2 sky beasts
  An ice beast (D:6)
  An ogre (D:5)
  A phantom (D:5)
  3 bullfrogs
  5 scorpions
  2 jellies
  3 orc priests
  A gnoll bouda (D:4)
  2 hounds (D:5)
  3 sleepcaps
  An iguana (D:7)
  8 orc wizards
  5 gnolls
  14 adders
  6 river rats (Sewer)
  4 worms
  2 dart slugs
  23 orcs
  14 ball pythons
  10 endoplasms
  5 giant cockroaches
  12 goblins
  8 hobgoblins
  4 jackals (D:1)
  4 quokkas
  5 bats
  4 frilled lizards
  7 kobolds
  28 rats
193 creatures vanquished.

Vanquished Creatures (others)
  A gnoll (D:4)
1 creature vanquished.

Grand Total: 194 creatures vanquished

Notes
Turn   | Place    | Note
-------+----------+-------------------------------------------
     0 | D:1      | Amplified the Demonspawn Reaver began the quest for the
                  | Orb.
     0 | D:1      | Reached XP level 1. HP: 16/16 MP: 3/3
   277 | D:1      | Gained mutation: You regenerate a little health from kills.
                  | [demonic ancestry]
   277 | D:1      | Reached XP level 2. HP: 15/22 MP: 5/5
   784 | D:1      | Reached XP level 3. HP: 28/28 MP: 6/6
   901 | D:1      | Found Kibbofeq's Magic Scroll Shoppe.
   904 | D:1      | Bought a scroll of teleportation for 33 gold pieces
  1362 | D:2      | Found a faded altar of an unknown god.
  1397 | D:2      | Got Plato's Handbook of Therianthropy
  1767 | D:2      | Reached XP level 4. HP: 34/34 MP: 7/7
  1899 | D:3      | Found a glowing drain.
  1911 | Sewer    | Entered a sewer
  2042 | Sewer    | Gained mutation: You have a pair of small horns on your
                  | head. [demonic ancestry]
  2042 | Sewer    | Reached XP level 5. HP: 38/41 MP: 9/9
  2561 | Sewer    | Learned a level 2 spell: Momentum Strike
  2577 | Sewer    | Gained mutation: You are frail. (-10% HP) [potion of
                  | mutation]
  2577 | Sewer    | Lost mutation: You are frail. (-10% HP) [potion of
                  | mutation]
  2577 | Sewer    | Gained mutation: Your spells are a little harder to cast,
                  | but a little more powerful. [potion of mutation]
  2577 | Sewer    | Gained mutation: You have supernaturally acute eyesight.
                  | (SInv) [potion of mutation]
  2636 | Sewer    | Gained mutation: Spells you cast may paralyse adjacent
                  | enemies. [demonic ancestry]
  2636 | Sewer    | Reached XP level 6. HP: 17/47 MP: 9/11
  3287 | D:3      | Found Nibbauc's General Store.
  3296 | D:3      | Bought a potion of curing for 30 gold pieces
  3296 | D:3      | Bought a scroll of blinking for 75 gold pieces
  3573 | D:4      | Identified the staff of earth "Ytoaf" {Will- Str+5 Dex+3}
  3932 | D:4      | Gained mutation: You regenerate health from kills. [demonic
                  | ancestry]
  3932 | D:4      | Reached XP level 7. HP: 42/54 MP: 12/12
  3981 | D:4      | Learned a level 2 spell: Lesser Beckoning
  3982 | D:5      | Entered Level 5 of the Dungeon
  3991 | D:4      | Found a staircase to the Ecumenical Temple.
  4004 | D:4      | Found Atroh's Magic Scroll Shoppe.
  4049 | D:4      | Bought a scroll of magic mapping for 90 gold pieces
  4059 | D:4      | Reached skill level 5 in Conjurations
  4544 | D:5      | Reached skill level 5 in Fighting
  4544 | D:5      | Gained mutation: Spells you cast may paralyse nearby
                  | enemies. [demonic ancestry]
  4544 | D:5      | Reached XP level 8. HP: 60/62 MP: 12/14
  4601 | D:5      | Found Xafus's General Store.
  4681 | D:5      | Reached skill level 5 in Maces & Flails
  4722 | Temple   | Entered the Ecumenical Temple
  5091 | D:6      | Found a burning altar of Makhleb.
  5385 | D:5      | Reached skill level 5 in Spellcasting
  6554 | D:6      | Reached XP level 9. HP: 59/69 MP: 14/17
  7013 | D:7      | Noticed Maggie
  7204 | D:7      | Found Ryops's Distillery.
  7230 | D:7      | Mangled by Maggie

Illustrated notes

Levels and vault maps discovered:
D:1:      dpeg_arrival_windows_large_door, layout_basic, serial_shops,
          nicolae_shop_rolled_up
D:2:      layout_basic, shapermc_ecumenical_altar_rom_forum
D:3:      minmay_skewed_foursquare, layout_loops_ring, serial_shops,
          nicolae_shop_crystal, gup_sewer_entry_pipe
D:4:      layout_basic, minmay_temple_entry_ruins, serial_shops, shop,
          serial_bayou, serial_bayou_pond_a, serial_bayou_pond_c,
          serial_bayou_shore_b, serial_bayou_crossing
D:5:      layout_basic, elyvilon_altar_5, serial_shops,
          nicolae_shop_tiny_waterfront, chequers_serial_rivers_micro_e,
          abandoned_shop
D:6:      layout_basic, nicolae_overflow_hidden_temple
D:7:      layout_basic, mainiacjoe_overflow_tiny_flanked,
          nicolae_overflow_crystal_walls, serial_shops, shop,
          gammafunk_ghost_wrathful_warriors, uniq_maggie, uniq_duvessa
Temple:   nicolae_temple_ecumenical_triangle

Skill      XL: |  1  2  3  4  5  6  7  8  9 |
---------------+----------------------------+-----
Maces & Flails | 3 4 5 6 |  6.2
Fighting       | 3 4 5 6 |  6.4
Spellcasting   | 3 4 5 |  5.9
Conjurations   | 4 5 6 |  6.9
Dodging        | |  1.7

Action                     |  1- 3 |  4- 6 |  7- 9 || total
---------------------------+-------+-------+-------++-------
  Melee: Mace              |   144 |   292 |   328 ||   764
         Punch             |     1 |       |     7 ||     8
         Headbutt          |       |    41 |    59 ||   100
   Cast: Momentum Strike   |       |     1 |    23 ||    24
         Lesser Beckoning  |       |       |     5 ||     5
  Evoke: Wand              |       |       |     8 ||     8
    Use: Scroll            |     1 |    13 |     4 ||    18
         Potion            |       |    12 |     7 ||    19
   Stab: Sleeping          |     1 |       |       ||     1
         Paralysed         |       |       |     5 ||     5
         Invisible         |       |       |     2 ||     2
 Armour: Leather armour    |     9 |       |       ||     9
         Ring mail         |    44 |   181 |   153 ||   378
  Dodge: Dodged            |    91 |   223 |   187 ||   501
